[Event "Live Chess"]
[Site "Chess.com"]
[Date "2023.05.21"]
[Round "-"]
[White "grillage"]
[Black "1600x"]
[Result "1-0"]
[WhiteElo "1819"]
[BlackElo "1887"]
[TimeControl "300"]
[EndTime "18:49:10 PDT"]
[Termination "grillage won by resignation"]

1. d4 Nf6 2. Nc3 d5 3. Bf4 a6 4. e3 Nc6 5. Nf3 h6 6. Bd3 g5 7. Bg3 Bg7 8. h3 O-O 9. Qd2 Nb4 10. Be2 Nh5 11. Be5 Bf5 12. Bd3 Nxd3+ 13. cxd3 Be6 14.
Bxg7 f6 15. Bxf8 Qxf8 16. O-O g4 17. hxg4 Bxg4 18. Nh2 Be6 19. e4 Rd8 20. Qe3 Ng7 21.
Nf3 dxe4 22. dxe4 Bc4 23. Rfd1 f5 24. Qxh6 c5 25. dxc5 Ne6 26. Qxf8+ Rxf8 27. Rd7 Nxc5 28. Rc7 Nd3 29. Rxc4 Nxb2 30. Rb4 Nd3 31. Rxb7 Rc8 32. Nd5 Rc2 33. Nxe7+ Kf8 34. Nxf5 a5 35. Ng5 Rb2 36.
Rxb2 Nxb2 37. Ne6+ Kg8 38. e5 Kf7 39. Ned4 Kg6 40.
f4 Nd3 41. g3 Nc5 42. Kg2 Ne6 43. Nxe6 Kxf5 44. Nd4+ Ke4 45. e6 Kxd4 46. e7 Kc5 47. e8=Q Kb4 48. Rb1+ Kc3 49. Qe3+ 1-0

[Event "Live Chess"]
[Site "Chess.com"]
[Date "2023.05.21"]
[Round "-"]
[White "Tilbs_12"]
[Black "Biranidun"]
[Result "0-1"]
[WhiteElo "1560"]
[BlackElo "2580"]
[TimeControl "300"]
[EndTime "18:50:31 PDT"]
[Termination "Biranidun won by resignation"]

1. e4 c5 2. c3 Nf6 3. e5 Nd5 4. d4 cxd4 5. cxd4 d6 6. f4 Nc6 7. Nf3 Bg4 8. Be2 dxe5 9. fxe5 Qb6 10. Nc3 Rd8 11. O-O e6 12. a3 Bxf3 13. Bxf3 Qxd4+ 14. Qxd4 Nxd4 15. Nxd5 Nxf3+ 16. Rxf3 Rxd5 17. Bf4 Bc5+ 18. Kh1 O-O 19. h3 Rfd8 20. Raf1 h6 21. Bg3 R8d7 22. b4 Bd4 23. Bf2 Bxf2 24. R1xf2 Rxe5 25. Rc3 Rf5 26. Rfc2 h5 27. Rc7 Rfd5 28. Kg1 g6 29. Kf2 Kg7 30.
Ke3 h4 31. R7c5 Rxc5 32. Rxc5 f5 33. a4 Kf6 34. b5 g5 35. a5 Rd5 36. Rxd5 exd5 37.
Kd4 Ke6 38. b6 axb6 39. axb6 Kd6 40. Kc3 Kc5 41. Kd3 Kxb6 42. Kd4 Kc6 0-1

[Event "Live Chess"]
[Site "Chess.com"]
[Date "2023.05.21"]
[Round "-"]
[White "xx_blindpuffin_xx"]
[Black "ClassyChameleon"]
[Result "1-0"]
[WhiteElo "2200"]
[BlackElo "1085"]
[TimeControl "300"]
[EndTime "18:50:59 PDT"]
[Termination "xx_blindpuffin_xx won on time"]

1. d4 d5 2. Bf4 Nf6 3. e3 Bf5 4. Nf3 e6 5. h3 Nc6 6. Be2 Nb4 7. Na3 Be7 8. c3 Nc6 9. Bb5 O-O 10. Qb3 Na5 11.
Qa4 b6 12. O-O Bxa3 13. Qxa3 Nc4 14. Qb3 Nd6 15. Be2 Nde4 16. Rfd1 h6 17. c4 dxc4 18.
Qxc4 Nd5 19. Bh2 c5 20. dxc5 bxc5 21. Nd2 Nxd2 22. Rxd2 Qa5 23. Rad1 Nb6 24. Qh4 Bb1 25. a3 Ba2 26. b4 cxb4 27. Rxa2 bxa3 28. Rda1 Rac8 29.
Rxa3 Qd2 30. Bf1 Nc4 31. Bxc4 Rxc4 32. Qxc4 Qb2 33. Qc3 Qxc3 34. Rxc3 Rd8 35. Bg3 Kf8 36. Rca3 Ke8 37. Rxa7 f5 38. Rxg7 h5 39. Raa7 Rd1+ 40. Kh2 Kf8 41. Rgb7 1-0

[Event "Live Chess"]
[Site "Chess.com"]
[Date "2023.05.21"]
[Round "-"]
[White "alanmike75"]
[Black "LutherSullivan"]
[Result "0-1"]
[WhiteElo "1582"]
[BlackElo "2101"]
[TimeControl "300"]
[EndTime "18:51:22 PDT"]
[Termination "LutherSullivan won by resignation"]

1. e4 e5 2. Nf3 Nc6 3. d4 exd4 4. Bc4 Nf6 5. O-O Nxe4 6. Re1 d5 7. Bxd5 Qxd5 8. Nc3 Qd7 9. Nxe4 Be7 10. Nc5 Qd5 11.
Nd3 O-O 12. Bf4 Bd6 13. Bxd6 Qxd6 14. Qd2 Bg4 15. Nfe5 Bf5 16. Nxc6 Qxc6 17. Qf4 Bxd3 18. cxd3 Rae8 19. Qxd4 Rxe1+ 20. Rxe1 Re8 21. Rxe8+ Qxe8 22. Qe3 Qc6 23. h3 g6 24. Qd4 b6 25. Qd8+ Kg7 26.
Qd4+ Qf6 27. Qb4 c5 28. Qb3 h5 29. Kf1 Qe5 30. Qc3 Kf6 31. f4 Qxc3 32. bxc3 Kf5 33. g3 h4 34. Kf2 b5 35. a3 a5 36. Kf3 hxg3 37. Kxg3 b4 38. axb4 axb4 39. cxb4 cxb4 0-1

[Event "Live Chess"]
[Site "Chess.com"]
[Date "2023.05.21"]
[Round "-"]
[White "KGreenGator"]
[Black "Pablo_dmp"]
[Result "1/2-1/2"]
[WhiteElo "1802"]
[BlackElo "1861"]
[TimeControl "300"]
[EndTime "18:51:27 PDT"]
[Termination "Game drawn by repetition"]

1. c4 Nf6 2. Nc3 e6 3. d4 d5 4. e3 a6 5. Nf3 Be7 6. h3 Nbd7 7. a3 Rb8 8. Bd2 O-O 9. c5 c6 10. Bd3 b6 11. b4 a5 12. O-O axb4 13. axb4 bxc5 14. bxc5 Qc7 15. Re1 e5 16. Bc2 e4 17.
Nh2 Ne8 18. f3 f5 19. fxe4 fxe4 20. Rf1 Ndf6 21. Ng4 Nxg4 22. hxg4 Rxf1+ 23. Kxf1 Qg3 24. Qe1 Qxe1+ 25. Bxe1 Bxg4 26. Bg3 Rb2 27. Rc1 h5 28. Ba4 h4 29. Bh2 h3 30. gxh3 Bxh3+ 31. Kg1 Bg5 32.
Bf4 Bh4 33. Bxc6 Nc7 34. Bxc7 Bf2+ 35. Kh1 Bg2+ 36. Kh2 Bxe3 37. Bxd5+ Kh7 38. Rb1 Rc2 39. Ba5 Bxd4 40. Bb3 Be5+ 41. Kg1 Bd4+ 42. Kh2 Be5+ 43. Kg1 Bd4+ 44. Kh2 1/2-1/2

[Event "Live Chess"]
[Site "Chess.com"]
[Date "2023.05.21"]
[Round "-"]
[White "ViktorTheCoolBoy"]
[Black "smoggyrabbit"]
[Result "1-0"]
[WhiteElo "2514"]
[BlackElo "1749"]
[TimeControl "300"]
[EndTime "18:51:36 PDT"]
[Termination "ViktorTheCoolBoy won by checkmate"]

1. d4 e6 2. c4 f5 3. Nc3 Nf6 4. f3 Bb4 5. Bg5 O-O 6. Qc2 b6 7. e4 fxe4 8. fxe4 Bxc3+ 9. bxc3 Bb7 10. e5 Qe8 11. exf6 gxf6 12. Be3 Qh5 13. Ne2 d6 14.
Ng3 Qg6 15. Qxg6+ hxg6 16. h4 e5 17. d5 Nd7 18. h5 f5 19. Bh6 Rf6 20. Bg5 Rff8 21.
hxg6 f4 22. Ne4 f3 23. Rh7 Nc5 24. Nf6+ Rxf6 25. Bxf6 Rf8 26. Rh8# 1-0

[Event "Live Chess"]
[Site "Chess.com"]
[Date "2023.05.21"]
[Round "-"]
[White "wot-not"]
[Black "Duke_of_Bebington"]
[Result "1-0"]
[WhiteElo "1551"]
[BlackElo "1572"]
[TimeControl "300"]
[EndTime "18:51:38 PDT"]
[Termination "wot-not won by resignation"]

1. d4 d5 2. c4 c6 3. Nc3 e5 4. dxe5 d4 5. Ne4 Qa5+ 6. Bd2 Qxe5 7. Qc2 Bf5 8. f3 Be7 9. O-O-O Nf6 10. Qb3 b6 11.
Nxf6+ Bxf6 12. g4 Be6 13. f4 Qe4 14. Nf3 Bxg4 15. Rg1 Bxf3 16. exf3 Qxf3 17. Bg2 Qh5 18. Bb4 Qf5 19. Rge1+ Kd8 20. Bd6 Nd7 21. Bxc6 Rc8 22.
Bxd7 Kxd7 23. Be5 Bxe5 24. fxe5 Qf4+ 25. Kb1 Rhe8 26. Qh3+ Kc7 27. Qxh7 g6 28. Rf1 Qe4+ 29. Ka1 Re7 30. Rxf7 Qxe5 31. Rxe7+ Qxe7 32. Qxe7+ Kb8 1-0

[Event "Live Chess"]
[Site "Chess.com"]
[Date "2023.05.21"]
[Round "-"]
[White "Tushinskiy"]
[Black "NateSolon"]
[Result "0-1"]
[WhiteElo "2178"]
[BlackElo "2667"]
[TimeControl "300"]
[EndTime "18:52:01 PDT"]
[Termination "NateSolon won by resignation"]

1. d4 Nf6 2. c3 d5 3. Nf3 Bf5 4. Bf4 e6 5. Nbd2 c5 6. Bg3 Nc6 7. e3 Qb6 8. Qc1 Rc8 9. Nb3 c4 10. Nbd2 h6 11. Be2 Be7 12. O-O O-O 13. Re1 Qa5 14.
Ne5 b5 15. a3 Qb6 16. Bf3 Nxe5 17. Bxe5 Nd7 18. Bg3 Bd3 19. e4 dxe4 20. Nxe4 a5 21. h3 b4 22. axb4 axb4 23. Kh2 f5 24. Nc5 Nxc5 25.
dxc5 Bxc5 26. cxb4 Bxb4 27. Re5 Bd6 28. Qd2 f4 29. Bxf4 Qd4 30. Bxh6 Qxe5+ 31. g3 Rxf3 32. Re1 Qf6 33. Be3 Rf8 34. Kg2 Be4 35. Kg1 Bd5 36.
Bd4 Qf5 0-1

[Event "Live Chess"]
[Site "Chess.com"]
[Date "2023.05.21"]
[Round "-"]
[White "Olisingapore"]
[Black "Fazer180"]
[Result "1-0"]
[WhiteElo "1805"]
[BlackElo "1757"]
[TimeControl "300"]
[EndTime "18:52:05 PDT"]
[Termination "Olisingapore won by resignation"]

1. d4 e6 2. c4 d5 3. g3 Nf6 4. Bg2 c5 5. Nf3 dxc4 6. O-O Nc6 7. dxc5 Bxc5 8. Qc2 O-O 9. Qxc4 Qb6 10. Nc3 Be7 11.
Be3 Qb4 12. Qxb4 Nxb4 13. a3 Nbd5 14. Nxd5 Nxd5 15. Bg5 f6 16. Bd2 e5 17. Nxe5 Rd8 18.
Ba5 b6 19. Nc6 Rd7 20. Nxe7+ Rxe7 21. Bxd5+ Be6 22. Bxa8 bxa5 23. Rfd1 Bb3 24. Rd8+ Kf7 25.
Bd5+ Bxd5 26. Rxd5 Rxe2 27. Rxa5 Rxb2 28. Rxa7+ Kg6 29.
a4 1-0

[Event "Live Chess"]
[Site "Chess.com"]
[Date "2023.05.21"]
[Round "-"]
[White "PaulyD81"]
[Black "Long1968"]
[Result "1-0"]
[WhiteElo "1203"]
[BlackElo "1039"]
[TimeControl "300"]
[EndTime "18:52:45 PDT"]
[Termination "PaulyD81 won on time"]

1. d4 e6 2. c4 c5 3. d5 b5 4. e4 bxc4 5. Bxc4 Bb7 6. Nc3 Nf6 7. Nf3 g6 8. Bg5 h6 9. Bh4 g5 10. Bg3 Bg7 11. O-O O-O 12. Re1 Nh5 13. Ne5 Nxg3 14.
Ng4 Nh5 15. Ne3 Nf4 16. Ng4 h5 17. Ne3 g4 18. g3 Nh3+ 19. Kf1 Ba6 20. Bxa6 Nxa6 21.
dxe6 dxe6 22. Qxd8 Rfxd8 23. Rad1 Nb4 24. Re2 Rxd1+ 25. Nexd1 Rd8 26. Ne3 Bxc3 27. bxc3 Nd3 28. c4 Nhxf2 29. Nc2 Nh3 30. Ne1 Nxe1 31. Rxe1 1-0

[Event "Live Chess"]
[Site "Chess.com"]
[Date "2023.05.21"]
[Round "-"]
[White "garyjc"]
[Black "KeithArkell"]
[Result "0-1"]
[WhiteElo "1046"]
[BlackElo "2573"]
[TimeControl "300"]
[EndTime "18:53:01 PDT"]
[Termination "KeithArkell won on time"]

1. e4 c6 2. d4 d5 3. Nc3 dxe4 4.
Nxe4 Nd7 5. Nf3 Ngf6 6. Bd3 Nxe4 7. Bxe4 Nf6 8. Bd3 Bg4 9. h3 Bxf3 10. Qxf3 Qxd4 11.
O-O e6 12. c3 Qd5 13. Qe2 Be7 14. Be3 O-O 15. Rad1 Qh5 16. Qxh5 Nxh5 17. Rfe1 Nf6 18. b3 Rfd8 19. c4 h6 20. c5 Nd5 21. Bc1 Nc3 22.
Rd2 Nxa2 23. Rxa2 Rxd3 24. Rb2 Bxc5 25. b4 Bd4 26. Rc2 Bc3 27. Re4 Rad8 28. Bb2 Bxb2 29. Rxb2 a6 30. Rbe2 R3d4 31. Re5 Rxb4 32. R2e3 g5 33.
Rf3 Kg7 0-1

[Event "Live Chess"]
[Site "Chess.com"]
[Date "2023.05.21"]
[Round "-"]
[White "whatnot126"]
[Black "IgorSchukin"]
[Result "1-0"]
[WhiteElo "2053"]
[BlackElo "1780"]
[TimeControl "300"]
[EndTime "18:53:30 PDT"]
[Termination "whatnot126 won by resignation"]

1. e4 c5 2. c3 Nc6 3. d4 cxd4 4.
cxd4 d5 5. exd5 Qxd5 6. Nf3 Bg4 7. Nc3 Bxf3 8. Nxd5 Bxd1 9. Nc7+ Kd7 10. Nxa8 Bh5 11. d5 Nb4 12. Bb5+ Kd6 13. Bf4+ Kxd5 14. O-O e5 15.
Be3 Nf6 16. Bxa7 Be7 17. Nb6+ Ke4 18. a3 Nc2 19. Rac1 Nd4 20. f3+ Bxf3 21. gxf3+ Nxf3+ 22. Kh1 Ng4 23. Rc4+ Nd4 24. Na4 Bh4 25. Nc3+ Ke3 26. Nd1+ Kd2 27. Bxd4 1-0

[Event "Live Chess"]
[Site "Chess.com"]
[Date "2023.05.21"]
[Round "-"]
[White "wot-not"]
[Black "Tushinskiy"]
[Result "0-1"]
[WhiteElo "1551"]
[BlackElo "2178"]
[TimeControl "300"]
[EndTime "18:53:40 PDT"]
[Termination "Tushinskiy won by resignation"]

1. e4 e5 2. f4 d6 3. fxe5 dxe5 4.
Nf3 Nc6 5. Bb5 Bd6 6. Bxc6+ bxc6 7. O-O Nf6 8. d3 O-O 9. Bg5 Be7 10. Nbd2 Bg4 11. h3 Bh5 12. Qe1 Rb8 13. Nxe5 Qd4+ 14. Kh1 Qxe5 15. Bf4 Qxb2 16. Bxc7 Rbc8 17. Be5 Qxe5 0-1

[Event "Live Chess"]
[Site "Chess.com"]
[Date "2023.05.21"]
[Round "-"]
[White "Hussamalhaidar"]
[Black "domrobson"]
[Result "0-1"]
[WhiteElo "1112"]
[BlackElo "1756"]
[TimeControl "300"]
[EndTime "18:53:43 PDT"]
[Termination "domrobson won on time"]

1. b3 e5 2. Bb2 Nc6 3. e3 d6 4. Be2 Nf6 5. d3 Be6 6. Nf3 h6 7. Nbd2 Qd7 8. O-O O-O-O 9. a4 g5 10. a5 a6 11. c4 g4 12. Nh4 Be7 13. g3 h5 14. Ng2 d5 15. f4 Rh6 16. f5 Bxf5 17. e4 dxe4 18. dxe4 Nxe4 19. Nxe4 Qxd1 20.
Raxd1 Rxd1 21. Bxd1 Bxe4 22. Rxf7 Rf6 23. Rxe7 Nxe7 24. Bxe5 Re6 25. Bf4 Bxg2 26. Kxg2 Nf5 27. Kf2 h4 28. Bc2 Nd4 29. Bd1 hxg3+ 30. hxg3 Rf6 31.
Bxg4+ Kb8 32. Ke3 Nxb3 33. Be5 Rg6 34. Bh5 Rg5 35. Kf4 Rxh5 36. g4 Rh1 37. g5 Rg1 38.
Kf5 Nxa5 39. g6 Nxc4 40. Bd4 b5 41. Bxg1 Nd6+ 42. Kf6 a5 43. g7 Ne8+ 44. Kf7 Nxg7 45. Kxg7 b4 46. Bc5 Kb7 47. Kf6 Kc6 48. Bd4 Kd5 49. Bb2 c5 50. Kf5 a4 51. Kf4 a3 52.
Ba1 b3 53. Ke3 b2 54. Bxb2 axb2 0-1

[Event "Live Chess"]
[Site "Chess.com"]
[Date "2023.05.21"]
[Round "-"]
[White "jimwad"]
[Black "blowerd"]
[Result "1-0"]
[WhiteElo "1227"]
[BlackElo "1339"]
[TimeControl "300"]
[EndTime "18:53:50 PDT"]
[Termination "jimwad won on time"]

1. d4 d5 2. c4 e6 3. Nc3 Nf6 4.
Bg5 h6 5. Bxf6 Qxf6 6. Nf3 Bb4 7. e3 O-O 8. Be2 dxc4 9. Bxc4 Nd7 10. O-O Bxc3 11.
bxc3 b6 12. Qc2 Bb7 13. Be2 c5 14. Rab1 cxd4 15. cxd4 Rac8 16. Qa4 Bxf3 17. Bxf3 Rc7 18.
Rbc1 Rfc8 19. Rxc7 Rxc7 20. Qa3 e5 21. Rc1 Rxc1+ 22.
Qxc1 exd4 23. Qc8+ Kh7 24. Be4+ g6 25. Qxd7 dxe3 26.
fxe3 Qa1+ 27. Kf2 Qxa2+ 28. Kf3 Kg7 29. Qd4+ Kh7 30. h4 Qe6 31. h5 f5 32. hxg6+ Kxg6 33. Bd5 Qf6 34. Qf4 a5 35. Qg3+ Qg5 36. Qd6+ Qf6 37.
Qg3+ Qg5 38. Qc7 Qg4+ 39. Kf2 Qh4+ 40. Ke2 Qg4+ 41. Bf3 Qb4 42. Qc6+ Kg5 43. Qd5 a4 44. Qg8+ Kf6 45. Qh8+ Ke6 46. Qxh6+ Ke5 47. Qf4+ Ke6 48. Qxb4 b5 49. Qxb5 a3 50. Qb3+ Ke7 51. Qxa3+ Kf6 52. Qd6+ Kg5 53. Qf4+ 1-0

[Event "Live Chess"]
[Site "Chess.com"]
[Date "2023.05.21"]
[Round "-"]
[White "ChessClubLive"]
[Black "GEMdzq"]
[Result "0-1"]
[WhiteElo "1451"]
[BlackElo "2266"]
[TimeControl "300"]
[EndTime "18:54:04 PDT"]
[Termination "GEMdzq won by resignation"]

1. e4 d6 2. f4 Nf6 3. Nc3 g6 4. Nf3 Bg7 5. Bc4 O-O 6. O-O c5 7. d3 Nc6 8. Be3 Ng4 9. Bd2 a6 10. h3 Nf6 11. a3 b5 12. Ba2 Rb8 13. b4 cxb4 14. axb4 Nxb4 15. Rb1 Nc6 16. Nd5 Nxd5 17. exd5 Nd4 18. Be3 Nf5 19. Bf2 h5 20. c3 Qa5 21.
Qb3 Qxc3 22. Qxc3 Bxc3 23. d4 Bd7 24. Rfc1 b4 25. g4 hxg4 26. hxg4 Nh6 27. g5 Nf5 0-1

[Event "Live Chess"]
[Site "Chess.com"]
[Date "2023.05.21"]
[Round "-"]
[White "therealab0ne"]
[Black "worldchessleaguelive"]
[Result "1/2-1/2"]
[WhiteElo "724"]
[BlackElo "1371"]
[TimeControl "300"]
[EndTime "18:54:21 PDT"]
[Termination "Game drawn - insufficient material"]

1. e4 d5 2. exd5 Qxd5 3. Nc3 Qd8 4. d4 Nf6 5. Nf3 e6 6. Bg5 Be7 7. Bxf6 Bxf6 8. Bc4 c6 9. O-O b5 10. Bb3 a5 11. a3 a4 12. Ba2 Bb7 13. Re1 O-O 14. h3 Nd7 15. Ne5 Nxe5 16. dxe5 Qxd1 17. Raxd1 Be7 18.
Rd7 b4 19. Rxe7 bxc3 20. Rxb7 cxb2 21. Rb1 Rab8 22. R1xb2 Rxb7 23. Rxb7 Rc8 24. Kf1 g6 25. Ke2 Kg7 26. f4 Kh6 27. h4 Kh5 28. g3 Kg4 29.
Rxf7 Kxg3 30. Bxe6 Rb8 31. Rxh7 Kxf4 32. Re7 Kxe5 33.
Ke3 Kf6 34. Rf7+ Kxe6 35. Rg7 Kf5 36. Kd4 Rd8+ 37. Kc5 Rd2 38. c4 Ra2 39. Kxc6 Rxa3 40.
Ra7 Kg4 41. Kb5 Kxh4 42. c5 Rb3+ 43. Kc4 Rb8 44. Rxa4 g5 45. c6 g4 46. Kd5 Kh3 47. Kd6 g3 48. Kd7 g2 49. Ra1 Kh2 50. c7 Rb7 51. Kc6 Rb2 52. c8=Q Rc2+ 53. Kb7 Rxc8 54. Kxc8 Kh3 55. Kc7 Kh2 56. Kd6 Kh3 57. Ke5 Kh2 58. Ke4 g1=R 59. Rxg1 Kxg1 1/2-1/2

[Event "Live Chess"]
[Site "Chess.com"]
[Date "2023.05.21"]
[Round "-"]
[White "manthanit"]
[Black "chessfiction"]
[Result "0-1"]
[WhiteElo "1050"]
[BlackElo "2347"]
[TimeControl "300"]
[EndTime "18:55:09 PDT"]
[Termination "chessfiction won by checkmate"]

1. e4 e5 2. Nf3 Bc5 3. Bc4 d6 4. d3 Bg4 5. h3 Bh5 6. Nc3 Nc6 7. Nd5 Nge7 8. Bg5 h6 9. Bh4 g5 10. Bg3 Ng6 11. Bh2 Nf4 12. O-O Rg8 13. c3 g4 14.
hxg4 Rxg4 15. Bxf4 exf4 16. d4 Bb6 17. e5 dxe5 18.
dxe5 Rg6 19. Nf6+ Rxf6 20. exf6 Qxf6 21. Re1+ Kf8 22. Qd7 Rd8 23. Qh3 Bxf3 24. Qxf3 Rd2 25. Rf1 Ne5 26. Qxb7 f3 27. Qc8+ Kg7 28. Qh3 Nxc4 29.
Qxf3 Qxf3 30. gxf3 Nxb2 31. Rab1 Nd3 32. Kh1 Nxf2+ 33. Kg1 Nd1+ 34. Kh1 Nxc3 35. Rbe1 Ne2 36. f4 Ng3# 0-1

[Event "Live Chess"]
[Site "Chess.com"]
[Date "2023.05.21"]
[Round "-"]
[White "ramses-IIG"]
[Black "LiamBellwood"]
[Result "1-0"]
[WhiteElo "853"]
[BlackElo "2029"]
[TimeControl "300"]
[EndTime "18:56:10 PDT"]
[Termination "ramses-IIG won by resignation"]

1. e4 e6 2. Nf3 d5 3. e5 c5 4. d4 Nc6 5. c3 Bd7 6. Bg5 Qb6 7. b3 Nge7 8. Nbd2 Nf5 9. Bd3 cxd4 10. Bxf5 exf5 11. cxd4 Nxd4 12. Be3 Bc5 13. O-O Nxf3+ 14.
Qxf3 Bxe3 15. fxe3 Be6 16. Qg3 O-O 17. Rae1 Rac8 18.
Nf3 Rc2 19. Ng5 Rxa2 20. Qh3 h6 21. Nxe6 fxe6 22. Rb1 f4 23. Kh1 Ra3 24. exf4 a5 25. f5 a4 26. f6 Rxb3 27. Rxb3 axb3 28. g3 b2 29. Rb1 Rc8 30. Qg4 Rc1+ 31. Kg2 Qg1+ 32.
Kh3 Qf1+ 33. Kh4 g5+ 34. Kh5 Kh7 35. Rxb2 Qd1 36. Qxd1 Rxd1 37. Rxb7+ Kg8 38. Kxh6 Kf8 39. Kg6 Ke8 40. Kg7 d4 41. f7+ 1-0

[Event "Live Chess"]
[Site "Chess.com"]
[Date "2023.05.21"]
[Round "-"]
[White "GEMdzq"]
[Black "romchyk1219"]
[Result "1-0"]
[WhiteElo "2266"]
[BlackElo "639"]
[TimeControl "300"]
[EndTime "18:56:26 PDT"]
[Termination "GEMdzq won by checkmate"]

1. e4 d6 2. d4 Nf6 3. Nc3 g6 4. Bc4 Bg7 5. Nge2 O-O 6. O-O Nc6 7. f3 Re8 8. Be3 e5 9. Qd2 exd4 10. Nxd4 Be6 11. Nxe6 Qe7 12. Ng5 Qe5 13. Nxf7 Qe7 14. Nxd6+ Kf8 15. Nxe8 Kxe8 16. Nd5 Qd7 17. Nxf6+ Bxf6 18.
Qxd7+ Kxd7 19. Rad1+ Ke7 20. Bc5+ Ke8 21. Bb5 Rd8 22.
Rxd8+ Kxd8 23. Bxc6 bxc6 24. Rd1+ Kc8 25. Bxa7 Kb7 26.
Bc5 Ka6 27. c4 Ka5 28. Rd7 Bxb2 29. Rxc7 Ka4 30. Ra7# 1-0

[Event "Live Chess"]
[Site "Chess.com"]
[Date "2023.05.21"]
[Round "-"]
[White "ClassyChameleon"]
[Black "Tilbs_12"]
[Result "0-1"]
[WhiteElo "1084"]
[BlackElo "1561"]
[TimeControl "300"]
[EndTime "18:56:46 PDT"]
[Termination "Tilbs_12 won by resignation"]

1. e4 c6 2. d4 d5 3. exd5 cxd5 4.
Nf3 Bg4 5. Bb5+ Nc6 6. Bxc6+ bxc6 7. O-O e6 8. c3 Ne7 9. Nbd2 Ng6 10. Qa4 Qc7 11.
h3 Bxf3 12. Nxf3 Bd6 13. Bg5 O-O 14. Rac1 e5 15. dxe5 Nxe5 16. Nxe5 Bxe5 17. Rfe1 h6 18. Bh4 g5 19. Bg3 Bxg3 20. fxg3 Rac8 21. c4 Qxg3 22.
cxd5 cxd5 23. Qd7 Rcd8 24. Qxa7 d4 25. a4 d3 26. Re3 Qf4 27. Rf1 Qd4 28. Qa6 Qxe3+ 29.
Kh2 Qe6 30. Qxe6 fxe6 31. Rxf8+ Kxf8 32. b4 d2 33. a5 d1=Q 34. a6 Qd6+ 0-1

[Event "Live Chess"]
[Site "Chess.com"]
[Date "2023.05.21"]
[Round "-"]
[White "Conradical12"]
[Black "grillage"]
[Result "1-0"]
[WhiteElo "1663"]
[BlackElo "1807"]
[TimeControl "300"]
[EndTime "18:56:59 PDT"]
[Termination "Conradical12 won by checkmate"]

1. e4 d5 2. exd5 Qxd5 3. Nc3 Qd8 4. Nf3 Nf6 5. Bc4 a6 6. O-O Bg4 7. Ne5 Be6 8. Bxe6 fxe6 9. Qf3 c6 10. Re1 Nbd7 11.
Nd3 e5 12. Nxe5 Nxe5 13. Rxe5 Qd6 14. Re1 O-O-O 15. d3 h6 16. Bf4 Qd7 17. Bg3 g5 18.
Qe3 Nd5 19. Nxd5 Qxd5 20. Qb6 e5 21. Rxe5 Qd4 22. Rc5 Bd6 23. Rxc6+ bxc6 24. Qxd4 Bxg3 25. Qg4+ Rd7 26. Qxg3 Rhd8 27. Qf3 Kc7 28. Re1 Kb7 29. Re4 Kc7 30. Rb4 Re7 31. Qg3+ Rd6 32. f3 Re6 33. c4 c5 34. Rb3 Kc6 35. f4 gxf4 36. Qf3+ Kd7 37.
Qb7+ Ke8 38. Qg7 Rb6 39. Rxb6 Rxb6 40. Qg8+ Kd7 41. Qf7+ Kc6 42. Qe6+ Kb7 43. Qd7+ Ka8 44. Qc8+ Rb8 45. Qxa6# 1-0

[Event "Live Chess"]
[Site "Chess.com"]
[Date "2023.05.21"]
[Round "-"]
[White "Biranidun"]
[Black "raminguy"]
[Result "1/2-1/2"]
[WhiteElo "2563"]
[BlackElo "1948"]
[TimeControl "300"]
[EndTime "18:57:31 PDT"]
[Termination "Game drawn by repetition"]

1. e4 e5 2. Nf3 Nc6 3. Bc4 Bc5 4. c3 Nf6 5. d4 exd4 6. b4 Be7 7. e5 Ne4 8. O-O Nxc3 9. Qb3 O-O 10. Nxc3 dxc3 11. Bf4 Bxb4 12. Ng5 Qe7 13. Rfe1 Nd4 14. Qd1 Ne6 15. Qh5 h6 16. Ne4 Nxf4 17. Qf5 d5 18. Qxf4 dxe4 19. Rxe4 Bc5 20. Bd3 Qe6 21. Rc4 Bb6 22. Qe4 Qg6 23. Qe2 Bf5 24. Rxc3 Bxd3 25. Rxd3 Rfe8 26. Rg3 Qh7 27. Re1 Re6 28. Kh1 Rae8 29.
f4 Qf5 30. Qf3 f6 31. Qb3 Kh7 32. Rf3 fxe5 33. fxe5 Qg6 34. Rg3 Qf5 35. Rf3 Qg6 36.
Rg3 Qf5 37. Rf3 1/2-1/2

[Event "Live Chess"]
[Site "Chess.com"]
[Date "2023.05.21"]
[Round "-"]
[White "alanmike75"]
[Black "xx_blindpuffin_xx"]
[Result "0-1"]
[WhiteElo "1582"]
[BlackElo "2200"]
[TimeControl "300"]
[EndTime "18:57:42 PDT"]
[Termination "xx_blindpuffin_xx won by resignation"]

1. e4 e6 2. d4 Ne7 3. Nf3 d5 4. e5 c5 5. c3 Nec6 6. Be3 Qb6 7.
Qb3 c4 8. Qc2 Be7 9. Be2 Nd7 10.
Nbd2 Qc7 11. O-O b5 12. b4 O-O 13. Bg5 a5 14. a3 Bb7 15. Bxe7 Nxe7 16. Ng5 Ng6 17. h4 h6 18. Nxe6 fxe6 19. Qxg6 Rae8 20. Bg4 Qc6 21. f4 Rf7 22. f5 Nf8 23. Qh5 exf5 24. Rxf5 g6 0-1

[Event "Live Chess"]
[Site "Chess.com"]
[Date "2023.05.21"]
[Round "-"]
[White "Pablo_dmp"]
[Black "KeithArkell"]
[Result "0-1"]
[WhiteElo "1861"]
[BlackElo "2573"]
[TimeControl "300"]
[EndTime "18:58:02 PDT"]
[Termination "KeithArkell won by resignation"]

1. e4 e6 2. Nf3 d5 3. Nc3 dxe4 4. Nxe4 Nf6 5. Bd3 Nxe4 6. Bxe4 Nd7 7. c3 Nf6 8. Bc2 Bd6 9. d4 O-O 10. O-O c5 11.
dxc5 Bxc5 12. Qxd8 Rxd8 13. Bg5 b6 14. Rad1 Bb7 15.
Ne5 h6 16. Bxf6 gxf6 17. Ng4 Kg7 18. Rfe1 h5 19. Ne3 f5 20. Nc4 Bd5 21. Bb3 a5 22. Nd2 a4 23. Bxd5 Rxd5 24. Nf3 Rad8 25. Rxd5 Rxd5 26.
g3 b5 27. a3 Kf6 28. Kg2 e5 29.
h4 e4 30. Ng1 Rd2 31. Re2 Rxe2 32. Nxe2 Ke5 33. f4+ Kd5 34. Kf1 Kc4 35. Nc1 Be3 36.
Na2 Kb3 37. Nb4 Kxb2 38. Nd5 Bc5 0-1

[Event "Live Chess"]
[Site "Chess.com"]
[Date "2023.05.21"]
[Round "-"]
[White "luckywookie"]
[Black "IgorSchukin"]
[Result "0-1"]
[WhiteElo "769"]
[BlackElo "1780"]
[TimeControl "300"]
[EndTime "18:58:08 PDT"]
[Termination "IgorSchukin won by checkmate"]

1. e4 c5 2. c3 d6 3. d4 cxd4 4.
cxd4 Nf6 5. e5 dxe5 6. dxe5 Qxd1+ 7. Kxd1 Ng4 8. Bb5+ Bd7 9. Bxd7+ Nxd7 10. f3 Nf2+ 11. Ke2 Nxh1 12. Nc3 Nxe5 13. Ne4 O-O-O 14. Be3 Kb8 15.
Nh3 Nc4 16. Rxh1 Nxb2 17. Bf4+ Ka8 18. Rc1 f6 19. Nd2 e5 20. Be3 Bb4 21. Nc4 Nd3 22. a3 Nxc1+ 23. Bxc1 Bc5 24. Be3 Bxe3 25. Kxe3 Rd4 26. Nb2 Rc8 27. Nf2 Rc3+ 28. Nbd3 Rxa3 29. h4 f5 30. f4 Rdxd3+ 31. Nxd3 e4 32. Kd4 Rxd3+ 33.
Ke5 g6 34. Kf6 e3 35. Kg7 Rd7+ 36. Kf6 e2 37. Ke6 Rd1 38. Kf6 e1=Q 39. Kg7 Qxh4 40. Kf7 Rd7+ 41. Kg8 Qd8# 0-1

[Event "Live Chess"]
[Site "Chess.com"]
[Date "2023.05.21"]
[Round "-"]
[White "LutherSullivan"]
[Black "ViktorTheCoolBoy"]
[Result "0-1"]
[WhiteElo "2099"]
[BlackElo "2515"]
[TimeControl "300"]
[EndTime "18:59:20 PDT"]
[Termination "ViktorTheCoolBoy won on time"]

1. d4 c5 2. d5 e6 3. Nc3 Nf6 4. e4 d6 5. Nf3 a6 6. a4 e5 7. Be2 Be7 8. O-O O-O 9. Ne1 Kh8 10. h3 Nbd7 11. Kh2 Ng8 12. g3 f5 13. exf5 Rxf5 14. Bg4 Rf8 15. Ng2 Ngf6 16. Be6 c4 17.
f4 exf4 18. Nxf4 Nc5 19. Bxc8 Qxc8 20. Be3 Nfe4 21. Qh5 Kg8 22. Nxe4 Nxe4 23. Ne6 Rxf1 24. Rxf1 Qe8 25. Qg4 Qg6 26. Qxg6 hxg6 27. Rf4 Nf6 28. Rd4 Rc8 29. g4 b5 30. axb5 axb5 31. g5 Nd7 32. h4 Ne5 33. Kg3 Ra8 34. b3 Ra3 35. Kf4 cxb3 36. cxb3 Rxb3 37. Nc7 Rb1 38. Ke4 b4 39.
Na6 b3 40. Rb4 b2 41. Nb8 Rh1 42. Rxb2 Rxh4+ 43. Bf4 Bxg5 44. Rf2 Bxf4 45. Rxf4 g5 46. Rxh4 gxh4 47. Kf4 g5+ 0-1

[Event "Live Chess"]
[Site "Chess.com"]
[Date "2023.05.21"]
[Round "-"]
[White "KeithArkell"]
[Black "Biranidun"]
[Result "1/2-1/2"]
[WhiteElo "2573"]
[BlackElo "2563"]
[TimeControl "300"]
[EndTime "18:59:44 PDT"]
[Termination "Game drawn by agreement"]

1. d4 Nf6 2. Nf3 g6 3. c4 Bg7 4.
Nc3 O-O 5. g3 d5 6. cxd5 Nxd5 7.
Bg2 Nb6 8. O-O Nc6 9. e3 Re8 10. b3 e5 11. Nxe5 Nxe5 12. dxe5 Bxe5 13. Bb2 Qxd1 14.
Rfxd1 c6 15. Rd2 a5 16. Ne4 Bxb2 17. Rxb2 Kg7 18. Nc5 Re7 19. Rc1 Nd7 20. a3 Nxc5 21. Rxc5 Be6 22. h4 Rd7 1/2-1/2